[Event "Titled Tuesday Blitz December 20 Early 2022"]
[White "Artem_0degov"]
[Black "Luks, Artur"]
[BlackFideId "21808856"]
[WhiteElo "2661"]
[BlackElo "1577"]
[Result "1-0"]
[Round "07"]
[TimeControl "180+2"]
[Date "2022.12.20"]
[WhiteClock "0:00:52"]
[BlackClock "0:00:01"]

1. d4 d5 2. c4 c6 3. Nc3 Nf6 4. Nf3 dxc4 5. a4 Bf5 6. Ne5 Na6 7. e3 Nb4 8. Bxc4 e6 9. O-O Bd6 10. a5 Bxe5 11. dxe5 Qxd1 12. Rxd1 Nd7 13. f4 O-O-O 14. e4 Bg6 15. Ra4 c5 16. Be3 Nc2 17. Bf2 Nd4 18. Nb5 Nxb5 19. Bxb5 a6 20. Bf1 Kc7 21. Rd6 Rhe8 22. Rc4 Kb8 23. b4 cxb4 24. Rxb4 Kc7 25. Bd3 f6 26. Bd4 fxe5 27. fxe5 Kc8 28. Bxa6 bxa6 29. Rc6# 1-0


[Site "https://www.chess.com"]

[Event "Titled Tuesday Blitz December 20 Early 2022"]
[White "AttilaTurzo"]
[Black "jaldjald"]
[WhiteElo "2578"]
[BlackElo "2386"]
[Result "1/2-1/2"]
[Round "07"]
[TimeControl "180+2"]
[Date "2022.12.20"]
[WhiteClock "0:00:14"]
[BlackClock "0:00:02"]

1. d4 d5 2. Bf4 e6 3. e3 Bd6 4. Bg3 Nf6 5. Nd2 c5 6. c3 O-O 7. Ngf3 Qc7 8. dxc5 Qxc5 9. Bd3 Nbd7 10. O-O Bxg3 11. hxg3 e5 12. e4 dxe4 13. Nxe4 Nxe4 14. Bxe4 Nf6 15. Bc2 Bg4 16. Qd2 Rad8 17. Qg5 Bxf3 18. gxf3 h6 19. Qc1 Rd6 20. Rd1 Rfd8 21. Rxd6 Rxd6 22. Qe1 Kf8 23. Rd1 Rxd1 24. Qxd1 Ke7 25. Bb3 Ne8 26. Qe2 Kf8 27. Kg2 Nd6 28. Qd3 Qc6 29. Bd5 Qc5 30. b4 Qb6 31. a3 a5 32. Qh7 axb4 33. axb4 Ne8 34. Qf5 Qc7 35. c4 b6 36. Qe4 Nf6 37. Qd3 Nxd5 38. Qxd5 Ke7 39. c5 bxc5 40. bxc5 h5 41. Kf1 g6 42. Ke2 Kf6 43. Kd3 Qa5 44. Qd6+ Kf5 45. Qd7+ Kf6 46. c6 Qb5+ 47. Ke3 Qc5+ 48. Ke2 Qc4+ 49. Kd2 Qb4+ 50. Kd3 Qb5+ 51. Kc3 Qc5+ 52. Kb3 Qb5+ 53. Ka3 Qa5+ 54. Kb3 Qb5+ 55. Kc2 Qc4+ 56. Kd2 Qb4+ 57. Kd1 Qb1+ 58. Ke2 Qb5+ 59. Ke1 Qb1+ 60. Ke2 Qb5+ 61. Ke3 Qc5+ 62. Ke4 Qc4+ 63. Ke3 Qc5+ 1/2-1/2


[Site "https://www.chess.com"]

[Event "Titled Tuesday Blitz December 20 Early 2022"]
[White "Aygehovit1992"]
[Black "newyorkmouse"]
[WhiteElo "2682"]
[BlackElo "2457"]
[Result "1-0"]
[Round "07"]
[TimeControl "180+2"]
[Date "2022.12.20"]
[WhiteClock "0:02:08"]
[BlackClock "0:01:00"]

1. e4 c5 2. Nf3 d6 3. d4 cxd4 4. Nxd4 Nf6 5. Nc3 a6 6. Bg5 Nbd7 7. Bc4 e6 8. Qe2 Nc5 9. O-O-O b5 10. Bd5 Bb7 11. Bxb7 Nxb7 12. e5 dxe5 13. Nxe6 Qe7 14. Nd5 Qxe6 15. Nc7+ Ke7 16. Nxe6 Kxe6 17. Rhe1 Bd6 18. Rxd6+ Nxd6 19. Qxe5+ Kd7 20. Rd1 Ne8 21. Be7 f6 22. Rxd6+ Nxd6 23. Qxd6+ Ke8 24. Qe6 Ra7 25. Bc5+ Kd8 26. Bxa7 Kc7 27. Bb6+ Kb7 28. Bc5 Rc8 29. Qb6+ Ka8 30. Qxa6+ Kb8 31. Qa7# 1-0


[Site "https://www.chess.com"]

[Event "Titled Tuesday Blitz December 20 Early 2022"]
[White "Azoulas, Mark"]
[Black "De Firmian, Nick"]
[WhiteFideId "2033208"]
[BlackFideId "2000105"]
[WhiteElo "2326"]
[BlackElo "2460"]
[Result "1/2-1/2"]
[Round "07"]
[TimeControl "180+2"]
[Date "2022.12.20"]
[WhiteClock "0:00:13"]
[BlackClock "0:01:07"]

1. e4 e6 2. d4 d5 3. exd5 exd5 4. Bd3 Bd6 5. h3 Ne7 6. Nf3 O-O 7. c3 Bf5 8. O-O Nd7 9. Re1 Bxd3 10. Qxd3 Ng6 11. Bg5 f6 12. Be3 c6 13. Nbd2 Qc7 14. c4 dxc4 15. Nxc4 Nb6 16. Nxd6 Qxd6 17. Rad1 Nd5 18. a3 Rae8 19. b4 a6 20. Rb1 Ngf4 21. Bxf4 Nxf4 22. Qc4+ Qd5 23. Qxd5+ Nxd5 24. a4 Nc3 25. Ra1 Rxe1+ 26. Nxe1 Ne2+ 27. Kh2 Nxd4 28. Nd3 Re8 29. Nc5 Re7 30. Rd1 Nc2 31. Rb1 Kf7 32. b5 cxb5 33. axb5 Na3 34. bxa6 Nxb1 35. axb7 Re8 36. Na6 Nd2 37. b8=Q Rxb8 38. Nxb8 Ne4 39. f3 Nc5 40. Nc6 g5 41. h4 Ne6 42. hxg5 fxg5 43. Kg3 h5 44. Ne5+ Kf6 45. Nd7+ Kf5 46. Kf2 h4 47. Nb6 Nf4 48. Nc4 Ke6 49. g3 Ng6 50. gxh4 gxh4 51. Kg2 Nf4+ 52. Kh2 Kf5 53. Ne3+ Kg6 54. Ng2 Nxg2 55. Kxg2 Kg5 56. Kh3 Kf4 57. Kxh4 Kxf3 1/2-1/2


[Site "https://www.chess.com"]

[Event "Titled Tuesday Blitz December 20 Early 2022"]
[White "BENO_CHESS"]
[Black "GiorgianBarbosa"]
[WhiteElo "2706"]
[BlackElo "2484"]
[Result "1/2-1/2"]
[Round "07"]
[TimeControl "180+2"]
[Date "2022.12.20"]
[WhiteClock "0:00:10"]
[BlackClock "0:00:05"]

1. e4 c5 2. Nc3 g6 3. d4 cxd4 4. Qxd4 Nf6 5. Nf3 Nc6 6. Qa4 d6 7. e5 dxe5 8. Nxe5 Bd7 9. Nxd7 Nxd7 10. Be3 Bg7 11. Rd1 O-O 12. h4 Qc8 13. h5 Rd8 14. hxg6 hxg6 15. Qh4 Nf6 16. Rxd8+ Qxd8 17. Bc4 Ne5 18. Bb3 Neg4 19. Bg5 Qd4 20. Bxf6 exf6 21. O-O f5 22. Qe7 Qe5 23. Bxf7+ Kh7 24. Qh4+ Bh6 25. Rd1 Qf6 26. Qxf6 Nxf6 27. Bc4 Re8 28. Nb5 a6 29. Nd6 Re7 30. Nf7 Ne4 31. Nxh6 Kxh6 32. Re1 Rc7 33. Bd3 Nf6 34. c3 Ng4 35. f3 Nf6 36. Kf2 Nd5 37. Re8 Kg7 38. g3 f4 39. g4 Kf6 40. Rd8 Ne3 41. Rd6+ Ke7 42. Rxg6 Nd1+ 43. Ke2 Nxb2 44. Rg7+ Kd6 45. Rxc7 Kxc7 46. Be4 b5 47. g5 Kd6 48. Kf2 Ke6 49. Kg2 Nd1 50. Kh3 Nxc3 51. Bc2 Nxa2 52. Bb3+ Kf5 53. Bxa2 Kxg5 54. Kg2 Kf5 55. Kf2 a5 56. Ke2 a4 57. Kd3 b4 58. Kc4 b3 59. Bb1+ Ke5 60. Kb4 Kd4 61. Kxa4 Ke3 62. Be4 b2 63. Kb3 b1=Q+ 64. Bxb1 Kxf3 65. Kc3 Ke3 66. Bd3 f3 67. Bc4 f2 68. Bf1 Kf3 69. Kd3 Kg3 70. Ke3 Kh2 71. Kf3 Kg1 72. Ke2 Kh2 73. Ke3 Kg1 74. Bd3 f1=R 75. Bxf1 1/2-1/2


[Site "https://www.chess.com"]

[Event "Titled Tuesday Blitz December 20 Early 2022"]
[White "Badlyplayed"]
[Black "Huda, Maryana"]
[BlackFideId "14116553"]
[WhiteElo "2262"]
[BlackElo "2160"]
[Result "1-0"]
[Round "07"]
[TimeControl "180+2"]
[Date "2022.12.20"]
[WhiteClock "0:00:39"]
[BlackClock "0:00:09"]

1. e4 c5 2. d4 cxd4 3. c3 dxc3 4. Nxc3 Nc6 5. Nf3 e6 6. Bc4 Bb4 7. O-O Nge7 8. Bg5 Bxc3 9. bxc3 O-O 10. Qd6 f6 11. Be3 Na5 12. Be2 Nec6 13. Rfd1 Qe7 14. Qg3 b6 15. h4 Bb7 16. h5 e5 17. Nh4 f5 18. Nxf5 Rxf5 19. exf5 Rf8 20. h6 Rf7 21. Bh5 Rxf5 22. Bg4 Rf7 23. Rxd7 Qxd7 24. Bxd7 Rxd7 25. Qg4 Bc8 26. Qe6+ Kf8 27. hxg7+ Kxg7 28. Bh6+ Kh8 29. Qe8# 1-0


[Site "https://www.chess.com"]

[Event "Titled Tuesday Blitz December 20 Early 2022"]
[White "BahadirOzen"]
[Black "Garma, Chito"]
[BlackFideId "5200342"]
[WhiteElo "2853"]
[BlackElo "2345"]
[Result "0-1"]
[Round "07"]
[TimeControl "180+2"]
[Date "2022.12.20"]
[WhiteClock "0:00:07"]
[BlackClock "0:00:08"]

1. g3 d5 2. Nf3 c6 3. Bg2 Nf6 4. O-O Bg4 5. h3 Bxf3 6. Bxf3 e6 7. d3 Nbd7 8. Nd2 Be7 9. e4 O-O 10. Bg2 a5 11. a4 Qb6 12. Qe2 Rfd8 13. Kh2 dxe4 14. dxe4 e5 15. Nb3 Nc5 16. Be3 Qb4 17. Nxc5 Bxc5 18. c3 Qb6 19. Bg5 Rd6 20. Rad1 Rad8 21. Rxd6 Rxd6 22. f4 Nd7 23. fxe5 Nxe5 24. Bf4 Re6 25. Rd1 Be7 26. h4 Qb3 27. Bh3 Rd6 28. Rxd6 Bxd6 29. Bc8 h6 30. Kh3 c5 31. Qh5 g6 32. Qe2 Qxa4 33. Bxh6 Qc6 34. Bg4 c4 35. Bf4 Nd3 36. Qe3 Bxf4 37. gxf4 Nxb2 38. Qd4 Nd3 39. Kg3 Qc5 40. Qd8+ Kg7 41. Bf3 Qf2+ 42. Kg4 Qg1+ 0-1


[Site "https://www.chess.com"]

[Event "Titled Tuesday Blitz December 20 Early 2022"]
[White "Baki, Peter"]
[Black "Arig, Busra"]
[WhiteFideId "718459"]
[BlackFideId "6309356"]
[WhiteElo "2100"]
[BlackElo "1850"]
[Result "1-0"]
[Round "07"]
[TimeControl "180+2"]
[Date "2022.12.20"]
[WhiteClock "0:00:11"]
[BlackClock "0:00:13"]

1. e4 Nf6 2. e5 Nd5 3. Nc3 Nxc3 4. dxc3 d5 5. h4 c5 6. Bf4 Nc6 7. Qd2 Be6 8. h5 h6 9. Nf3 Qb6 10. b3 O-O-O 11. Be2 d4 12. c4 Bg4 13. Rh4 Bf5 14. Bd3 Bxd3 15. cxd3 Rd7 16. e6 fxe6 17. Ne5 Nxe5 18. Bxe5 Rg8 19. Rg4 Rd8 20. Rg6 Qc6 21. f4 Qe8 22. Qe2 Qf7 23. O-O-O Rd6 24. Rf1 Ra6 25. Kb2 Qe8 26. Qe4 Qd8 27. Qe1 Kd7 28. Qd2 Qe8 29. g3 Kc8 30. Re1 Qf7 31. Re4 Qf5 32. g4 Qf7 33. Re1 Qe8 34. Qg2 Qd7 35. g5 hxg5 36. fxg5 Qd8 37. Qd2 Qe8 38. Kb1 Rh8 39. Qe2 Rh7 40. Rf1 Qd8 41. Rf7 Kd7 42. h6 Qe8 43. Qf3 gxh6 44. Qxb7+ 1-0


[Site "https://www.chess.com"]

[Event "Titled Tuesday Blitz December 20 Early 2022"]
[White "Barbis, Athanasios"]
[Black "Zampronha, Wladimir Camilo"]
[WhiteFideId "4215800"]
[BlackFideId "2103087"]
[WhiteElo "1953"]
[BlackElo "2176"]
[Result "0-1"]
[Round "07"]
[TimeControl "180+2"]
[Date "2022.12.20"]
[WhiteClock "0:00:05"]
[BlackClock "0:00:26"]

1. e4 c5 2. Nf3 e6 3. d4 cxd4 4. Nxd4 Nc6 5. Nc3 Qc7 6. Be3 a6 7. Be2 Nf6 8. f3 d5 9. exd5 exd5 10. O-O Bd6 11. f4 O-O 12. Bd3 Re8 13. Qd2 Rxe3 14. Qxe3 Nxd4 15. Nxd5 Nxd5 16. Qe8+ Bf8 17. Bxh7+ Kxh7 18. Qxf8 Ne6 19. Qa3 Qc5+ 20. Qxc5 Nxc5 21. Rfd1 Nxf4 22. Rd4 Nfe6 23. Rh4+ Kg8 24. Rd1 b6 25. b4 Nd7 26. c4 Nf6 27. Rd6 Rb8 28. g4 Kf8 29. Rh8+ Ke7 30. Rc6 Kd7 31. b5 axb5 32. cxb5 Nxg4 33. a4 Ne5 34. Rc3 Nc5 35. a5 Kd6 36. axb6 Ned7 37. Rc1 Nxb6 38. Rd8+ Ke7 39. Rg8 Ne6 40. Rc6 Nd8 41. Rc7+ Bd7 42. h4 Nd5 43. Rc5 Rxb5 0-1


[Site "https://www.chess.com"]

[Event "Titled Tuesday Blitz December 20 Early 2022"]
[White "Battlecruiser_Operational"]
[Black "szachuspl"]
[WhiteElo "2428"]
[BlackElo "2642"]
[Result "1-0"]
[Round "07"]
[TimeControl "180+2"]
[Date "2022.12.20"]
[WhiteClock "0:00:15"]
[BlackClock "0:00:29"]

1. d4 Nf6 2. c4 g6 3. Nc3 Bg7 4. e4 O-O 5. Nf3 d6 6. Be2 Bg4 7. Be3 Nfd7 8. Ng1 Bxe2 9. Ngxe2 c5 10. d5 Na6 11. O-O Nc7 12. a4 Na6 13. Qd2 Qb6 14. a5 Qb3 15. Ra3 Qxc4 16. b3 Qb4 17. Ra4 Qxb3 18. Rb1 Qxa4 19. Nxa4 Nb4 20. Bh6 b5 21. Nac3 a6 22. Rb3 Ne5 23. Bxg7 Kxg7 24. Nd1 Nc4 25. Qf4 h6 26. Rh3 Rh8 27. Ne3 Nd3 28. Qg3 Nxe3 29. Qxe3 Ne5 30. f4 Nc4 31. Qc3+ f6 32. Nc1 Rab8 33. Nd3 Rhd8 34. g4 Rbc8 35. g5 hxg5 36. fxg5 Rh8 37. Nf4 Rxh3 38. Qxh3 fxg5 39. Qxc8 gxf4 40. Qxa6 Na3 41. Qb7 c4 42. Qxe7+ Kh6 43. Qxd6 Nb1 44. Qxf4+ 1-0


[Site "https://www.chess.com"]

[Event "Titled Tuesday Blitz December 20 Early 2022"]
[White "Bilandani, Vansh"]
[Black "Aradhya, Garg"]
[WhiteFideId "8511292"]
[BlackFideId "25006746"]
[WhiteElo "2488"]
[BlackElo "2284"]
[Result "1/2-1/2"]
[Round "07"]
[TimeControl "180+2"]
[Date "2022.12.20"]
[WhiteClock "0:00:12"]
[BlackClock "0:00:11"]

1. d4 d5 2. Nf3 Nf6 3. c4 c6 4. Nc3 dxc4 5. a4 Bf5 6. e3 e6 7. Bxc4 Bb4 8. O-O O-O 9. Qe2 Nbd7 10. e4 Bg4 11. e5 Nd5 12. Ne4 f6 13. exf6 N7xf6 14. h3 Bf5 15. Ng3 Qd6 16. Nxf5 exf5 17. Bd2 Rfe8 18. Ne5 Bxd2 19. Qxd2 Nd7 20. Nxd7 Qxd7 21. Rfe1 g6 22. Re5 Kg7 23. Rae1 Nb6 24. Qg5 Rxe5 25. Rxe5 Re8 26. Bb3 Nd5 27. Bxd5 cxd5 28. a5 b6 29. axb6 axb6 30. Qe3 Kf7 31. Qh6 Kf6 32. Qh4+ Kg7 33. Qf4 Re6 34. Qe3 Kf6 35. f4 Qc6 36. Kh2 h6 37. b3 g5 38. fxg5+ hxg5 39. h4 Rxe5 40. dxe5+ Ke6 41. hxg5 Qe8 42. Qxb6+ Kf7 43. Qf6+ Kg8 44. g6 d4 45. Qxf5 d3 46. Qxd3 Qxe5+ 47. Qg3 Qh5+ 48. Kg1 Qd1+ 49. Kh2 Qh5+ 50. Qh3 Qe5+ 51. g3 Qe2+ 52. Qg2 Qh5+ 53. Kg1 Qd1+ 54. Qf1 Qd4+ 55. Qf2 Qd1+ 56. Kg2 Qd5+ 57. Qf3 Qd2+ 58. Kh3 Qh6+ 59. Kg2 Qd2+ 60. Qf2 Qd5+ 61. Kg1 Qd1+ 62. Kg2 Qd5+ 1/2-1/2


[Site "https://www.chess.com"]

[Event "Titled Tuesday Blitz December 20 Early 2022"]
[White "Borges Matos, Juan"]
[Black "cancrushyou"]
[WhiteFideId "3500160"]
[WhiteElo "2409"]
[BlackElo "2530"]
[Result "1/2-1/2"]
[Round "07"]
[TimeControl "180+2"]
[Date "2022.12.20"]
[WhiteClock "0:00:31"]
[BlackClock "0:00:39"]

1. d4 Nf6 2. c4 e6 3. g3 d5 4. Nf3 dxc4 5. Bg2 Nc6 6. O-O a6 7. e3 Rb8 8. Nfd2 e5 9. Bxc6+ bxc6 10. dxe5 Ng4 11. Nxc4 Be6 12. Nbd2 Bb4 13. Qc2 h5 14. b3 h4 15. Bb2 Nxh2 16. Qe4 hxg3 17. fxg3 Nxf1 18. Rxf1 Bxd2 19. Qxc6+ Kf8 20. Qxe6 Qe7 21. Qxe7+ Kxe7 22. Nxd2 Ke6 23. Nc4 Rbd8 24. Kg2 Rd3 25. Rf2 Rhd8 26. Kf3 Rd1 27. Ke4 Rg1 28. Rf3 Rdd1 29. Bd4 Rg2 30. a4 Rdg1 31. Kf4 Rb1 32. Na5 Rc2 33. g4 c5 34. Nc6 Kd7 35. Nb8+ Ke6 36. Nc6 Kd7 37. Nb8+ Ke6 38. Nc6 1/2-1/2


[Site "https://www.chess.com"]

[Event "Titled Tuesday Blitz December 20 Early 2022"]
[White "Calzadilla De la Cruz, Maray"]
[Black "Schattmann, Alfred"]
[WhiteFideId "3509770"]
[BlackFideId "4662377"]
[WhiteElo "1994"]
[BlackElo "1746"]
[Result "1/2-1/2"]
[Round "07"]
[TimeControl "180+2"]
[Date "2022.12.20"]
[WhiteClock "0:01:30"]
[BlackClock "0:00:06"]

1. e4 e5 2. Nf3 Nc6 3. Bc4 Bc5 4. O-O Nf6 5. d3 d6 6. c3 a5 7. Nbd2 O-O 8. h3 h6 9. Re1 Re8 10. Nf1 Be6 11. Bb5 Bd7 12. Be3 Bxe3 13. Nxe3 Ne7 14. Bc4 c6 15. d4 exd4 16. Qxd4 b5 17. Bb3 a4 18. Bc2 Nc8 19. Rad1 Qc7 20. Nf5 Bxf5 21. exf5 Rxe1+ 22. Rxe1 Nb6 23. g4 Re8 24. Rxe8+ Nxe8 25. h4 c5 26. Qd2 Nc4 27. Qe2 Nf6 28. g5 hxg5 29. hxg5 Nd7 30. Qe8+ Nf8 31. b3 axb3 32. axb3 Ne5 33. Nxe5 dxe5 34. Qxb5 Qe7 35. g6 Qg5+ 36. Kf1 Qc1+ 37. Kg2 Qxc2 38. gxf7+ Kxf7 39. Qc4+ Kf6 40. Qxc5 Kf7 41. Qd5+ Kf6 42. Qd6+ Kf7 43. Qxe5 Qxb3 44. Qc7+ Kg8 45. c4 Qc3 46. Qc5 Qf6 47. Qd5+ Qf7 48. Qe4 Nd7 49. Qa8+ Kh7 50. Qe4 Nf6 51. Qh4+ Kg8 52. Qd4 Qb7+ 53. Kg3 Qd7 54. Qe5 Kf7 55. c5 Qe7 56. Qd4 Ne4+ 57. Kf4 Nxc5 58. Qd5+ Kf8 59. Qa8+ Kf7 60. Qd5+ Kf8 61. Qa8+ Kf7 62. Qa2+ Kf8 63. Qa8+ 1/2-1/2


[Site "https://www.chess.com"]

[Event "Titled Tuesday Blitz December 20 Early 2022"]
[White "CaptainCasanova"]
[Black "Alibaev, Akbar"]
[BlackFideId "14200325"]
[WhiteElo "2584"]
[BlackElo "2295"]
[Result "0-1"]
[Round "07"]
[TimeControl "180+2"]
[Date "2022.12.20"]
[WhiteClock "0:00:01"]
[BlackClock "0:00:10"]

1. e4 c5 2. Nf3 d6 3. d4 cxd4 4. Nxd4 Nf6 5. Nc3 a6 6. Bc4 g6 7. Be3 Ng4 8. Bg5 h6 9. Bh4 Ne5 10. Bb3 Bg7 11. Qd2 Nbc6 12. Nxc6 bxc6 13. f4 Nd7 14. O-O-O O-O 15. g4 Nc5 16. f5 Kh7 17. Qe3 Nxb3+ 18. axb3 a5 19. Na4 Rb8 20. Bg3 Rb4 21. Be1 c5 22. Bxb4 axb4 23. h4 Bd7 24. g5 c4 25. fxg6+ fxg6 26. h5 gxh5 27. gxh6 Be5 28. Kb1 cxb3 29. cxb3 Bg4 30. Rdf1 Rf6 31. Rxf6 exf6 32. Qa7+ Kxh6 33. Qf7 Qa8 34. Re1 Qc6 35. Ka2 Qd7 36. Qf8+ Qg7 37. Qb8 d5 38. Qxb4 d4 39. Qd2+ Qg5 40. Qd3 h4 0-1


[Site "https://www.chess.com"]

[Event "Titled Tuesday Blitz December 20 Early 2022"]
[White "Carvalho, Heracles Elieser"]
[Black "Yurasova_Daria"]
[WhiteFideId "22751114"]
[WhiteElo "1895"]
[BlackElo "2502"]
[Result "1-0"]
[Round "07"]
[TimeControl "180+2"]
[Date "2022.12.20"]
[WhiteClock "0:00:14"]
[BlackClock "0:00:13"]

1. e4 e5 2. Nf3 Nc6 3. d4 exd4 4. Nxd4 Nf6 5. Nxc6 bxc6 6. Bd3 d5 7. exd5 cxd5 8. O-O Be7 9. c4 O-O 10. Nc3 Bb7 11. Bf4 d4 12. Ne2 c5 13. Ng3 Bd6 14. Bg5 h6 15. Bd2 Bxg3 16. hxg3 Ne4 17. Bf4 Re8 18. Re1 Nf6 19. Qa4 Qb6 20. Qc2 Qc6 21. f3 Rxe1+ 22. Rxe1 Re8 23. Rxe8+ Qxe8 24. Qe2 Qc6 25. g4 Qe6 26. Qxe6 fxe6 27. Bd6 Nd7 28. Bg6 Bc6 29. Be8 g5 30. Bxd7 Bxd7 31. Bxc5 d3 32. Kf2 e5 33. Ke3 a5 34. Kxd3 Kf7 35. b3 Be8 36. Bb6 a4 37. b4 Ke6 38. a3 h5 39. gxh5 Bxh5 40. Be3 g4 41. fxg4 Bxg4 42. Kc3 Bf5 43. b5 Be4 44. Kb4 Bxg2 45. Kxa4 Bb7 46. Kb4 e4 47. a4 1-0


[Site "https://www.chess.com"]

[Event "Titled Tuesday Blitz December 20 Early 2022"]
[White "ChadBiryani"]
[Black "annacramling"]
[WhiteElo "2454"]
[BlackElo "2219"]
[Result "1-0"]
[Round "07"]
[TimeControl "180+2"]
[Date "2022.12.20"]
[WhiteClock "0:00:08"]
[BlackClock "0:00:03"]

1. d4 Nf6 2. Nc3 d5 3. Bf4 a6 4. e3 Bf5 5. f3 c5 6. g4 Bg6 7. h4 h5 8. g5 cxd4 9. Qxd4 Nc6 10. Qa4 Nd7 11. Nxd5 e5 12. Bg3 Nc5 13. Qc4 b5 14. Nf6+ gxf6 15. Qe2 Nb4 16. e4 Rc8 17. Rd1 Qa5 18. c3 Nbd3+ 19. Rxd3 Nxd3+ 20. Qxd3 Qxa2 21. gxf6 Qxb2 22. Bxe5 Rd8 23. Bd4 Bh6 24. Ne2 Qa1+ 25. Kf2 O-O 26. Rg1 Kh7 27. Bh3 Qb2 28. Rb1 Qd2 29. Qxd2 Bxd2 30. Ra1 a5 31. Rxa5 Rb8 32. Be5 Rb7 33. Bd6 Rd8 34. Bb4 Bh6 35. Nd4 Bf8 36. Nxb5 Bxb4 37. cxb4 Rd2+ 38. Ke3 Rb2 39. Nd6 R7xb4 40. Ra8 R4b3+ 41. Kf4 Rf2 42. Bf5 Rfxf3+ 43. Ke5 Bxf5 44. Nxf5 Rbd3 45. Rf8 Rb3 46. Rxf7+ Kg8 47. Rg7+ Kf8 48. Ra7 Rb5+ 49. Ke6 Rb6+ 50. Nd6 Rd3 51. e5 Rb8 52. Rf7+ Kg8 53. Rg7+ Kf8 54. Rh7 Kg8 55. Rg7+ Kf8 56. Ne4 Re3 57. Ng5 Rg3 58. Rf7+ Kg8 59. Rg7+ Kf8 60. Nh7+ Ke8 61. Rxg3 Rb6+ 62. Kf5 Kf7 63. Rg7+ Ke8 64. Rg8+ Kf7 65. Rf8# 1-0


[Site "https://www.chess.com"]

[Event "Titled Tuesday Blitz December 20 Early 2022"]
[White "Chernov_Mikhail"]
[Black "dirk_da_player"]
[WhiteElo "2398"]
[BlackElo "2339"]
[Result "0-1"]
[Round "07"]
[TimeControl "180+2"]
[Date "2022.12.20"]
[WhiteClock "0:00:05"]
[BlackClock "0:00:39"]

1. e4 e5 2. Nc3 Nf6 3. Bc4 Bc5 4. d3 d6 5. f4 Be6 6. f5 Bxc4 7. dxc4 Bb4 8. Ne2 Nxe4 9. O-O Bc5+ 10. Kh1 Nf2+ 11. Rxf2 Bxf2 12. Ne4 Bb6 13. f6 gxf6 14. N2g3 Nc6 15. Qf3 Nd4 16. Nxf6+ Ke7 17. Qf1 h6 18. c3 Ne6 19. Nd5+ Kd7 20. Qxf7+ Kc8 21. Qxe6+ Kb8 22. Ne4 Re8 23. Qxh6 Rh8 24. Qg5 Qd7 25. Bd2 Qh7 26. Qh6 Qxh6 27. Bxh6 Rxh6 28. Rf1 a6 29. a4 a5 30. Rf7 Ka7 31. g4 Rah8 0-1


[Site "https://www.chess.com"]

[Event "Titled Tuesday Blitz December 20 Early 2022"]
[White "ChessTankMan"]
[Black "RianKapriaga"]
[WhiteElo "2514"]
[BlackElo "2327"]
[Result "1/2-1/2"]
[Round "07"]
[TimeControl "180+2"]
[Date "2022.12.20"]
[WhiteClock "0:00:04"]
[BlackClock "0:00:04"]

1. e4 c6 2. Nc3 d5 3. Nf3 Bg4 4. h3 Bxf3 5. Qxf3 Nf6 6. d3 e6 7. g3 Bb4 8. Bd2 O-O 9. Be2 Nbd7 10. O-O Ne5 11. Qg2 dxe4 12. Nxe4 Bxd2 13. Nxd2 Qd5 14. f4 Qxg2+ 15. Kxg2 Ned7 16. a4 Rad8 17. a5 a6 18. Nc4 Nd5 19. Bf3 N7f6 20. Kf2 g6 21. Ra3 Nc7 22. Raa1 Nb5 23. g4 Nd5 24. Kg3 Nd4 25. Rac1 Rfe8 26. c3 Nb3 27. Rcd1 Nc7 28. d4 Nb5 29. Rde1 Nd6 30. Nb6 Nxa5 31. Be2 Nb3 32. Bd3 c5 33. Bc2 c4 34. Rf2 Na5 35. Ra1 Nc6 36. Kf3 Re7 37. Bd1 Rc7 38. Be2 Nb8 39. Rff1 Nd7 40. Nxd7 Rdxd7 41. Ra4 Rd8 42. Rfa1 Rdc8 43. Rb4 Kf8 44. Rba4 Ke7 45. Rb4 Kd7 46. Rba4 Rc6 47. h4 Kc7 48. Ke3 Kb6 49. Bf3 R6c7 50. Rb4+ Ka7 51. Rba4 f5 52. g5 Nf7 53. h5 Nd6 54. hxg6 hxg6 55. Rh1 Re7 56. Rh6 Rg7 57. Ra1 Nf7 58. Rh4 Rcg8 59. Rah1 Kb6 60. Ra1 Kc7 61. Ra4 Nd6 62. Ra1 Kb6 63. Rah1 Kc7 64. Ra1 Kb6 65. Rah1 Kc7 66. Ra1 1/2-1/2


[Site "https://www.chess.com"]

[Event "Titled Tuesday Blitz December 20 Early 2022"]
[White "Chessmissile07"]
[Black "CristobalBlanco"]
[WhiteElo "2730"]
[BlackElo "2476"]
[Result "1-0"]
[Round "07"]
[TimeControl "180+2"]
[Date "2022.12.20"]
[WhiteClock "0:00:05"]
[BlackClock "0:00:02"]

1. e4 c5 2. Nc3 Nc6 3. Bb5 Nd4 4. Bc4 e6 5. Nf3 Ne7 6. O-O Ng6 7. Nxd4 cxd4 8. Ne2 Qb6 9. d3 Ne5 10. Bb3 a5 11. a4 h5 12. h3 d6 13. f4 Nc6 14. Qe1 h4 15. Qf2 Be7 16. f5 e5 17. Nc3 Nb4 18. Nd5 Nxd5 19. Bxd5 Qc5 20. Ra3 Rb8 21. Rb3 b6 22. Bc4 Bf6 23. Bb5+ Kf8 24. c3 Bb7 25. cxd4 exd4 26. Bf4 Qc7 27. Rc1 Qe7 28. Ra3 Be5 29. Raa1 Kg8 30. Rc4 Kh7 31. Rac1 Rhc8 32. Bd2 Rxc4 33. Rxc4 Rc8 34. Qf3 Rxc4 35. Bxc4 Kg8 36. Qg4 Bg3 37. Bg5 Qe5 38. Bxh4 Bf4 39. Bg5 Bxg5 40. Qxg5 d5 41. Bxd5 Bxd5 42. Qd8+ Kh7 43. Qxd5 Qg3 44. Qxd4 Qe1+ 45. Kh2 Qe2 46. Qxb6 Qxd3 47. Qxa5 Qxe4 48. Qb5 Qf4+ 49. Kg1 Qc1+ 50. Kf2 Qf4+ 51. Ke2 Qe4+ 52. Kd2 Qxg2+ 53. Kc1 Qxh3 54. a5 Qh1+ 55. Kc2 Qg2+ 56. Kb3 Qf3+ 57. Ka2 g5 58. fxg6+ fxg6 59. a6 Qf7+ 60. Qb3 Qf1 61. Qb7+ Kh6 62. a7 Qc4+ 63. Ka3 Qc5+ 64. b4 Qc3+ 65. Ka4 1-0


[Site "https://www.chess.com"]

[Event "Titled Tuesday Blitz December 20 Early 2022"]
[White "Chesstrainer1"]
[Black "Kildepiotr"]
[WhiteElo "2467"]
[BlackElo "2682"]
[Result "1-0"]
[Round "07"]
[TimeControl "180+2"]
[Date "2022.12.20"]
[WhiteClock "0:00:29"]
[BlackClock "0:01:15"]

1. e4 g6 2. d4 Bg7 3. c4 c6 4. Nc3 d5 5. cxd5 cxd5 6. Nxd5 e6 7. Nc3 Qxd4 8. Be3 Qxd1+ 9. Rxd1 a6 10. f4 Nc6 11. Nf3 b5 12. e5 Nge7 13. a4 b4 14. Ne4 O-O 15. Bc5 a5 16. Bb5 Ba6 17. Bxc6 Nxc6 18. Bxf8 Bxf8 19. Nd6 Ne7 20. Kf2 Nd5 21. g3 b3 22. Ng5 Ra7 23. Nge4 Be7 24. Rc1 h6 25. Nc8 Bxc8 26. Rxc8+ Kg7 27. Rhc1 Rb7 28. Ra8 g5 29. Kf3 Rb4 30. Rcc8 Kg6 31. Rg8+ Kh5 32. g4+ Kh4 33. Rh8 1-0


[Site "https://www.chess.com"]

[Event "Titled Tuesday Blitz December 20 Early 2022"]
[White "Coachpoker"]
[Black "harperchesstt"]
[WhiteElo "2626"]
[BlackElo "2366"]
[Result "1-0"]
[Round "07"]
[TimeControl "180+2"]
[Date "2022.12.20"]
[WhiteClock "0:01:25"]
[BlackClock "0:00:05"]

1. d4 Nf6 2. c4 g6 3. Nc3 Bg7 4. e4 d6 5. Be2 O-O 6. Nf3 e5 7. O-O Nc6 8. d5 Ne7 9. Ne1 Nd7 10. Be3 f5 11. f3 Nf6 12. c5 Kh8 13. a4 Neg8 14. Qd2 a5 15. cxd6 cxd6 16. Rc1 h5 17. Kh1 Kh7 18. Nd3 Bh6 19. Rc2 Bxe3 20. Qxe3 f4 21. Qf2 g5 22. Nb5 Ne8 23. Rfc1 Rf7 24. Bf1 g4 25. b3 Rg7 26. Qe1 Nh6 27. b4 axb4 28. Qxb4 Nf7 29. Nc7 Nxc7 30. Rxc7 gxf3 31. gxf3 Qg5 32. Qb6 Ra6 33. Qf2 Bg4 34. fxg4 hxg4 35. Rxb7 Rxa4 36. Rcc7 g3 37. Qg2 1-0


[Site "https://www.chess.com"]

[Event "Titled Tuesday Blitz December 20 Early 2022"]
[White "Crone, Stephan"]
[Black "temiksmozg"]
[WhiteFideId "4670175"]
[WhiteElo "1860"]
[BlackElo "2549"]
[Result "0-1"]
[Round "07"]
[TimeControl "180+2"]
[Date "2022.12.20"]
[WhiteClock "0:00:05"]
[BlackClock "0:00:52"]

1. e4 c5 2. Nf3 Nc6 3. Bb5 d6 4. c3 Nf6 5. Qe2 Bd7 6. O-O e5 7. d4 cxd4 8. cxd4 Nxd4 9. Nxd4 exd4 10. Rd1 Be7 11. Rxd4 O-O 12. Nc3 Re8 13. f3 d5 14. Be3 Bc5 15. Bxd7 Bxd4 16. Bxd4 Qxd7 17. Bxf6 gxf6 18. Rd1 d4 19. Nd5 Qxd5 20. Qf2 Qc5 21. Qh4 Qg5 22. Qf2 Qe3 23. Rxd4 Qxf2+ 24. Kxf2 Rad8 25. Ke3 Rxd4 26. Kxd4 Rc8 27. Kd3 Kf8 0-1


[Site "https://www.chess.com"]